 Dungeon Crawl Stone Soup version 0.30-a0-140-gd1020e658a (webtiles) character file.

Game seed: 18146961450557941506

51 drugrobin the Sneak (level 3, 0/30 HPs)
             Began as a Demigod Delver on Sept 25, 2022.
             Slain by a mummy (11 damage)
             ... in an ossuary.
             The game lasted 00:04:28 (867 turns).

drugrobin the Sneak (Demigod Delver)                 Turns: 867, Time: 00:04:28

Health: 0/30       AC:  3    Str: 13    XL:     3   Next: 36%
Magic:  5/5        EV: 12    Int: 12    God:
Gold:   0          SH:  0    Dex: 19    Spells: 2/2 levels left

rFire   . . .      SeeInvis .    a - +0 short sword
rCold   . . .      Faith    .    (no shield)
rNeg    . . .      Spirit   .    b - +0 leather armour
rPois   .          Reflect  .    (no helmet)
rElec   .          Harm     .    (no cloak)
rCorr   .          Rampage  .    (no gloves)
Will    .....                    (no boots)
Stlth   +++.......               (no amulet)
HPRegen 0.10/turn                (no ring)
MPRegen 0.09/turn                (no ring)

@: no status effects
A: high MP 1, forlorn, divine attributes
a: no special abilities


You were in an ossuary.
You visited 1 branch of the dungeon, and saw 2 of its levels.
You also visited: Ossuary.

Inventory:

Hand Weapons
 a - a +0 short sword (weapon)
Armour
 b - a +0 leather armour (worn)
Wands
 g - a wand of digging (2)
Scrolls
 c - a scroll of fog
 e - a scroll of fear


   Skills:
 - Level 2.6 Fighting
 + Level 3.6 Short Blades
 - Level 1.7 Dodging
 - Level 4.5 Stealth


You had 2 spell levels left.
You didn't know any spells.
Your spell library was empty.

Dungeon Overview and Level Annotations

Branches:
Dungeon (6/15)            Ossuary (1/1)
 Temple: D:4-7

Annotations:
D:5 exclusion: necrophage


Innate Abilities, Weirdness & Mutations

You have an increased reservoir of magic. (+10% MP)
You shall have no god before yourself.
Your divine heritage dramatically boosts your attributes as you level up.


Message History

You hit the kobold zombie.
The kobold zombie is moderately damaged.
You hit the kobold zombie.
The kobold zombie is almost destroyed.
The kobold zombie barely misses you.
You hit the kobold zombie.
You destroy the kobold zombie!
You start resting.
An elf zombie is nearby!
Unknown command.
A rat zombie comes into view.
Unknown command.
Unknown command.
You hit the rat zombie.
The rat zombie is lightly damaged.
The rat zombie closely misses you.
You hit the rat zombie.
The rat zombie is severely damaged.
The rat zombie closely misses you.
You hit the rat zombie.
You destroy the rat zombie!
The elf zombie hits you but does no damage.
The elf zombie hits you. The mummy hits you!
Unknown command.
Unknown command.
Unknown command.
Unknown command.
You hit the kobold zombie but do no damage.
The kobold zombie misses you. The kobold zombie closely misses you.
There is an empty arch of ancient stone here.
Unknown command.
Unknown command.
The mummy barely misses you.
Unknown command.
Unknown command.
Unknown command.
The mummy hits you!
You die...

######################
#.........Z∩Z@.......#
#......Z.M...M.......#
#...##############...#
#...# #...# #...#
#...# #...# #...#
....+####Z..# #...#
#.∩.....#...# #...#
#.......#...# #...#
#.......#...#


You could see 2 mummies, a kobold zombie and 2 elf zombies.

Vanquished Creatures
  A centaur zombie (Ossuary)
  12 hobgoblin zombies (Ossuary)
  10 kobold zombies (Ossuary)
  4 orc zombies (Ossuary)
  A rat zombie (Ossuary)
28 creatures vanquished.

Notes
Turn   | Place    | Note
-------+----------+-------------------------------------------
     0 | D:5      | drugrobin the Demigod Delver began the quest for the Orb.
     0 | D:5      | Reached XP level 1. HP: 18/18 MP: 3/3
    16 | D:5      | Noticed a necrophage
    40 | D:5      | Noticed an ogre
    49 | D:6      | Noticed a black bear
    62 | D:6      | Noticed a black bear
    89 | D:6      | Found a sand-covered staircase.
    98 | Ossuary  | Entered an ossuary
   465 | Ossuary  | Reached XP level 2. HP: 25/25 MP: 4/4
   650 | Ossuary  | Reached XP level 3. HP: 3/30 MP: 5/5
   867 | Ossuary  | Slain by a mummy

Illustrated notes

Levels and vault maps discovered:
D:5:      layout_loops_ring
D:6:      layout_layer_cave, gammafunk_ghost_arena, enter_ossuary_1
Ossuary:  ossuary_tomb_1

Skill      XL: |  1  2 |
---------------+-------+-----
Short Blades   | 2 3 |  3.6
Fighting       | |  2.6
Dodging        | |  1.7
Stealth        | |  4.5

Action                   || total
-------------------------++-------
Melee: Short sword       ||   112
Evoke: Wand              ||     1
  Use: Scroll            ||     1
       Potion            ||     1
 Stab: Sleeping          ||     9
Armor: Leather armour    ||    29
Dodge: Dodged            ||    72

Table legend: (Time is in decaauts)
 A = Elapsed time spent in this place.
 B = Non-inter-level travel time spent in this place.
 C = Inter-level travel time spent in this place.
 D = Time resting spent in this place.
 E = Time spent auto-exploring this place.
 F = Levels seen in this place.
 G = Mean time per level.
                   A        B        C        D        E       F      G
               +--------+--------+--------+--------+--------+-----+--------+
         Total |    833 |    833 |      0 |    292 |     53 |   3 |  277.7 |
       Dungeon |     82 |     82 |      0 |      0 |     38 |   2 |   41.0 |
       Ossuary |    751 |    751 |      0 |    292 |     15 |   1 |  751.0 |
               +--------+--------+--------+--------+--------+-----+--------+

Top non-repeatable levels by time:
 Ossuary: 751 daAuts
     D:5: 49 daAuts
     D:6: 33 daAuts
